 Dungeon Crawl Stone Soup version 0.28-a0-1510-gd0f6b136d3 (webtiles) character file.

Game seed: 4660061160244840471

291 horus123 the Chiller (level 6, -2/41 HPs)
             Began as a Merfolk Ice Elementalist on Jan 14, 2022.
             Slain by a killer bee zombie (4 damage)
             ... on level 4 of the Dungeon.
             The game lasted 00:10:25 (4136 turns).

horus123 the Chiller (Merfolk Ice Elementalist)     Turns: 4136, Time: 00:10:26

Health: -2/41      AC:  9    Str:  8    XL:     6   Next: 32%
Magic:  4/13       EV: 12    Int: 17    God:
Gold:   110        SH:  0    Dex: 14    Spells: 4/15 levels left

rFire   . . .      SeeInvis .   q - +0 spear
rCold   . . .      Faith    .   (no shield)
rNeg    . . .      Spirit   .   a - +0 robe
rPois   .          Reflect  .   (no helmet)
rElec   .          Harm     .   (no cloak)
rCorr   .          Rampage  .   (no gloves)
Will    .....                   i - +0 pair of boots
Stlth   ++........              (no amulet)
HPRegen 0.13/turn               (no ring)
MPRegen 0.13/turn               (no ring)

@: ice-armoured, freezing walls
A: (nimble swimmer 2), mertail
a: no special abilities


You were on level 4 of the Dungeon.
You visited 1 branch of the dungeon, and saw 4 of its levels.

You collected 110 gold pieces.

Inventory:

Hand Weapons
 f - a +0 short sword
 q - a +0 spear (weapon)
Armour
 a - a +0 robe (worn)
 i - a +0 pair of boots (worn)
 k - a +0 buckler
Wands
 g - a wand of acid (7)
 o - a wand of iceblast (11)
Scrolls
 b - 2 scrolls of teleportation
 e - a scroll of amnesia
 j - 2 scrolls of magic mapping
 s - a scroll of enchant weapon {unknown}
Potions
 c - a potion of heal wounds {unknown}
 d - 3 potions of curing {unknown}
 h - a potion of flight {unknown}
 l - 2 potions of invisibility {unknown}
 m - 2 potions of attraction {unknown}
 n - a potion of degeneration {unknown}
 p - a potion of ambrosia {unknown}
 t - a potion of magic {unknown}


   Skills:
 + Level 1.7 Polearms
 - Level 2.6 Dodging
 - Level 2.1 Stealth
 - Level 5.1 Spellcasting
 - Level 5.4 Ice Magic


You had 4 spell levels left.
You knew the following spells:

 Your Spells              Type           Power      Damage    Failure   Level
a - Freeze                Ice            88%        1d10      1%          1
b - Frozen Ramparts       Ice            44%        1d6       4%          3
c - Ozocubu's Armour      Ice            22%        N/A       4%          3
d - Hailstorm             Conj/Ice       13%        3d5       41%         4

Your spell library contained the following spells:

 Spells                   Type           Power      Damage    Failure   Level


Dungeon Overview and Level Annotations

Branches:
Dungeon (4/15)
 Temple: D:4-7

Altars:
Sif Muna
Trog

Annotations:
D:4 3 runed translucent doors, oldriver's ghost, amateur GnGl


Innate Abilities, Weirdness & Mutations

((You are very nimble when in or above water. (Stealth+, EV+, Speed+++)))
Your lower body shifts to a powerful aquatic tail in water.


Message History

The killer bee zombie completely resists.
The wall freezes the killer bee zombie but does no damage.
The killer bee zombie barely misses you.
You barely miss the killer bee zombie.
The killer bee zombie is lightly damaged.
The killer bee zombie completely resists.
The wall freezes the killer bee zombie but does no damage.
The killer bee zombie closely misses you.
You hit the killer bee zombie.
The killer bee zombie is moderately damaged.
The killer bee zombie completely resists.
The wall freezes the killer bee zombie but does no damage.
The killer bee zombie hits you but does no damage.
The killer bee zombie completely resists.
The wall freezes the killer bee zombie but does no damage.
The killer bee zombie misses you.
You miss the killer bee zombie.
The killer bee zombie is moderately damaged.
The killer bee zombie completely resists.
The wall freezes the killer bee zombie but does no damage.
The killer bee zombie hits you.
* * * LOW HITPOINT WARNING * * *
The killer bee zombie completely resists.
The wall freezes the killer bee zombie but does no damage.
The killer bee zombie hits you but does no damage.
You miss the killer bee zombie.
The killer bee zombie is moderately damaged.
The killer bee zombie completely resists.
The wall freezes the killer bee zombie but does no damage.
The killer bee zombie barely misses you.
The killer bee zombie completely resists.
The wall freezes the killer bee zombie but does no damage.
The killer bee zombie hits you.
* * * LOW HITPOINT WARNING * * *
You barely miss the killer bee zombie.
The killer bee zombie is moderately damaged.
The killer bee zombie completely resists.
The wall freezes the killer bee zombie but does no damage.
The killer bee zombie hits you.
You die...

..#########...#
#......##.#
..............#
#......##.#
..........)..##
#......##.#
###......#####
#####'###.#
###.######
#..##.# ....#
#####.##5# #####
########..^...#B#
#
#.....##.###..#B#
# #@##.###..#.# #
#Z##....[...# #
#...........#
########....#
#.......†...#
#......†...>#
#........####
#........#
#........#


You could see a killer bee zombie.

Vanquished Creatures
  A scorpion (D:2)
  2 hounds
  A centaur skeleton (D:4)
  4 gnolls (D:4)
  4 adders
  4 dart slugs
  3 orcs (D:3)
  4 ball pythons
  5 endoplasms
  2 giant cockroaches
  11 goblins
  8 hobgoblins
  3 kobolds
  4 bats
  A frilled lizard (D:1)
  A rat (D:1)
58 creatures vanquished.

Vanquished Creatures (collateral kills)
  A giant cockroach (D:4)
1 creature vanquished.

Grand Total: 59 creatures vanquished

Notes
Turn   | Place    | Note
-------+----------+-------------------------------------------
     0 | D:1      | horus123 the Merfolk Ice Elementalist began the quest for
                  | the Orb.
     0 | D:1      | Reached XP level 1. HP: 13/13 MP: 3/3
   389 | D:1      | Reached XP level 2. HP: 8/19 MP: 0/5
   579 | D:1      | Reached skill level 5 in Ice Magic
  1334 | D:2      | Reached XP level 3. HP: 24/24 MP: 4/7
  1366 | D:2      | Learned a level 3 spell: Frozen Ramparts
  1370 | D:2      | Learned a level 3 spell: Ozocubu's Armour
  1385 | D:2      | Noticed a scorpion
  1392 | D:2      | Killed a scorpion
  1393 | D:2      | Reached XP level 4. HP: 30/30 MP: 1/9
  1666 | D:2      | Reached XP level 5. HP: 28/35 MP: 2/11
  2052 | D:2      | Found a bloodstained altar of Trog.
  2412 | D:2      | Learned a level 4 spell: Hailstorm
  3145 | D:3      | Found a shimmering blue altar of Sif Muna.
  3531 | D:4      | Reached skill level 5 in Spellcasting
  3704 | D:4      | Reached XP level 6. HP: 41/41 MP: 5/13
  3894 | D:4      | Found a runed translucent gate.
  3895 | D:4      | Found a runed translucent gate.
  3896 | D:4      | Found a runed translucent gate.
  3896 | D:4      | Noticed oldriver's ghost (amateur GnGl)
  3951 | D:4      | Reached skill level 1 in Polearms
  4135 | D:4      | HP: 2/41 [killer bee zombie (4)]
  4136 | D:4      | Slain by a killer bee zombie

Illustrated notes

Levels and vault maps discovered:
D:1:      dpeg_arrival_court, layout_loops_ring, minmay_misc_feat_room,
          st_stairs_4, palyth_stone_intersect, minmay_misc_feat_more_columns
D:2:      layout_basic, basic_altar
D:3:      layout_basic, mainiacjoe_overflow_boulevard,
          minmay_fractal_squares_gapless_5
D:4:      layout_basic, minmay_temple_entry_wispy, gammafunk_ghost_split,
          minmay_diced_spiral

Skill      XL: |  1  2  3  4  5  6 |
---------------+-------------------+-----
Ice Magic      | 5 |  5.4
Spellcasting   | 3 4 5 |  5.1
Polearms       | 1 |  1.7
Dodging        | |  2.6
Stealth        | |  2.1

Action                   |  1- 3 |  4- 6 || total
-------------------------+-------+-------++-------
Melee: Short sword       |       |    18 ||    18
       Spear             |       |    13 ||    13
 Cast: Freeze            |    29 |    65 ||    94
       Frozen Ramparts   |     1 |     7 ||     8
       Ozocubu's Armour  |       |     2 ||     2
  Use: Scroll            |     2 |     4 ||     6
Armor: Robe              |     3 |    25 ||    28
Dodge: Dodged            |    12 |    62 ||    74

Table legend: (Time is in decaauts)
 A = Elapsed time spent in this place.
 B = Non-inter-level travel time spent in this place.
 C = Inter-level travel time spent in this place.
 D = Time resting spent in this place.
 E = Time spent auto-exploring this place.
 F = Levels seen in this place.
 G = Mean time per level.
                   A        B        C        D        E       F      G
               +--------+--------+--------+--------+--------+-----+--------+
         Total |   4136 |   4063 |     73 |    723 |   2830 |   4 | 1034.0 |
       Dungeon |   4136 |   4063 |     73 |    723 |   2830 |   4 | 1034.0 |
               +--------+--------+--------+--------+--------+-----+--------+

Top non-repeatable levels by time:
     D:1: 1303 daAuts
     D:2: 1138 daAuts
     D:3: 1070 daAuts
     D:4: 624 daAuts
